 Dungeon Crawl Stone Soup version 0.28-a0-1429-gf3d713df7a (webtiles) character file.

Game seed: 7902230921926380742

1 Gargoyl the Skirmisher (level 1, 0/23 HPs)
             Began as a Gnoll Abyssal Knight on Jan 8, 2022.
             Was an Initiate of Lugonu.
             Slain by a goblin (2 damage)
             ... on level 1 of the Dungeon.
             The game lasted 00:00:05 (90 turns).

Gargoyl the Skirmisher (Gnoll Abyssal Knight)         Turns: 90, Time: 00:00:05

Health: 0/23       AC:  3    Str: 12    XL:     1   Next: 20%
Magic:  3/3        EV: 12    Int:  9    God:    Lugonu [......]
Gold:   0          SH:  0    Dex: 12    Spells: 0/0 levels left

rFire   . . .      SeeInvis .   a - +1 hand axe
rCold   . . .      Faith    .   (no shield)
rNeg    . . .      Spirit   .   b - +0 leather armour
rPois   .          Reflect  .   (no helmet)
rElec   .          Harm     .   (no cloak)
rCorr   .          Rampage  .   (no gloves)
Will    .....                   (no boots)
Stlth   +.........              (no amulet)
HPRegen 0.07/turn               (no ring)
MPRegen 0.08/turn               (no ring)

@: no status effects
A: fangs 1, strong nose, distributed training
a: Renounce Religion


You were on level 1 of the Dungeon.
You worshipped Lugonu.
Lugonu was noncommittal.
You visited 1 branch of the dungeon, and saw 1 of its levels.
You visited the Abyss 1 time.

Inventory:

Hand Weapons
 a - a +1 hand axe (weapon)
Armour
 b - a +0 leather armour (worn)
Potions
 c - a potion of lignification {unknown}


   Skills:
 + Level 6.4 Fighting
 + Level 0.0 Short Blades
 + Level 0.0 Long Blades
 + Level 4.4 Axes
 + Level 0.0 Maces & Flails
 + Level 0.0 Polearms
 + Level 0.0 Staves
 + Level 0.0 Slings
 + Level 0.0 Bows
 + Level 0.0 Crossbows
 + Level 0.0 Throwing
 + Level 4.4 Armour
 + Level 2.3 Dodging
 + Level 0.0 Stealth
 + Level 0.0 Shields
 + Level 0.0 Unarmed Combat
 + Level 0.0 Spellcasting
 + Level 0.0 Conjurations
 + Level 0.0 Hexes
 + Level 0.0 Summonings
 + Level 0.0 Necromancy
 + Level 0.0 Translocations
 + Level 0.0 Transmutations
 + Level 0.0 Fire Magic
 + Level 0.0 Ice Magic
 + Level 0.0 Air Magic
 + Level 0.0 Earth Magic
 + Level 0.0 Poison Magic
 + Level 4.4 Invocations
 + Level 0.0 Evocations


You couldn't memorise any spells.
You didn't know any spells.
Your spell library contained the following spells:

 Spells                   Type           Power      Damage    Failure   Level
 Ozocubu's Armour         Ice            0%         N/A       83%         3
 Ozocubu's Refrigeration  Ice            0%         4d5       100%        7


Dungeon Overview and Level Annotations

Branches:
Dungeon (1/15)

Altars:


Innate Abilities, Weirdness & Mutations

You have very sharp teeth.
Your uncanny sense of smell can sniff out nearby items.
Your experience applies equally to all skills.


Message History

A goblin comes into view. It is wielding a +0 dagger.
The goblin shouts!
The quokka closely misses you. The hobgoblin closely misses you. x2
The quokka barely misses you.
Unknown command.
The hobgoblin closely misses you. The kobold barely misses you.
You barely miss the kobold. You closely miss the goblin.
You completely miss the hobgoblin. You hit the hobgoblin.
The hobgoblin misses you. The hobgoblin closely misses you.
The kobold hits you but does no damage. The goblin hits you with a +0 club.
Unknown command.
You hit the kobold.
The kobold is heavily wounded.
You barely miss the goblin. You hit the hobgoblin.
You closely miss the hobgoblin. You closely miss the quokka.
The hobgoblin closely misses you. The quokka closely misses you.
The hobgoblin closely misses you. The kobold hits you with a +0 whip.
The goblin hits you with a +0 club. The hobgoblin hits you.
You barely miss the hobgoblin.
The hobgoblin is moderately wounded.
You barely miss the goblin. You closely miss the kobold. You hit the quokka.
You hit the hobgoblin.
You kill the hobgoblin!
Lugonu accepts your kill.
The quokka bites you but does no damage.
The hobgoblin hits you. The kobold hits you with a +0 whip.
The goblin hits you with a +0 club.
* * * LOW HITPOINT WARNING * * *
You hit the kobold.
You kill the kobold!
Lugonu accepts your kill.
You barely miss the goblin. You hit the quokka.
You kill the quokka!
Lugonu accepts your kill.
You hit the hobgoblin. You barely miss the goblin.
The hobgoblin hits you but does no damage.
The goblin hits you with a +0 dagger.
* * * LOW HITPOINT WARNING * * *
The goblin hits you with a +0 club.
You die...

##............
##..........#..
#.............
#...........#
#...........#
#...........#
#..(.)g..#
.###...@†.###
......gg....#
#####.......###
#.8...8....
####'''####.
#.........#
#.........#
#.........#
#≈.......≈#


You could see a hobgoblin and 2 goblins.

Vanquished Creatures
  A hobgoblin (D:1)
  A kobold (D:1)
  A quokka (D:1)
3 creatures vanquished.

Notes
Turn   | Place    | Note
-------+----------+-------------------------------------------
     0 | Abyss:1  | Gargoyl the Gnoll Abyssal Knight began the quest for the
                  | Orb.
     0 | Abyss:1  | Reached XP level 1. HP: 23/23 MP: 3/3
    34 | D:1      | Escaped the Abyss
    90 | D:1      | Slain by a goblin

Illustrated notes

Levels and vault maps discovered:
D:1:      scummos_arrival_gate, layout_rooms, serial_shops,
          nicolae_diamond_shop, nicolae_shop_advertising_works
          [nicolae_subvault_shop_adworks], shop, shop, shop,
          amcnicky_mini_pool_small

Action                   || total
-------------------------++-------
Melee: Hand axe          ||     6
Invok: Depart the Abyss  ||     1
Armor: Leather armour    ||     3
Dodge: Dodged            ||    18

Table legend: (Time is in decaauts)
 A = Elapsed time spent in this place.
 B = Non-inter-level travel time spent in this place.
 C = Inter-level travel time spent in this place.
 D = Time resting spent in this place.
 E = Time spent auto-exploring this place.
 F = Levels seen in this place.
 G = Mean time per level.
                   A        B        C        D        E       F      G
               +--------+--------+--------+--------+--------+-----+--------+
         Total |     90 |     90 |      0 |      0 |     76 |   2 |   45.0 |
       Dungeon |     56 |     56 |      0 |      0 |     42 |   1 |   56.0 |
         Abyss |     34 |     34 |      0 |      0 |     34 |   1 |   34.0 |
               +--------+--------+--------+--------+--------+-----+--------+

Top non-repeatable levels by time:
     D:1: 56 daAuts
 Abyss:1: 34 daAuts
